 Dungeon Crawl Stone Soup version 0.28.0 (webtiles) character file.

Game seed: 1891949033823188516

4403 Host24 the Sharpshooter (level 10, -7/60 HPs)
             Began as a Kobold Hunter on Feb 5, 2022.
             Mangled by a boulder beetle (17 damage)
             ... on level 9 of the Dungeon.
             The game lasted 00:38:27 (11895 turns).

Host24 the Sharpshooter (Kobold Hunter)            Turns: 11895, Time: 00:38:28

Health: -7/60      AC: 11    Str: 27    XL:     10   Next: 61%
Magic:  10/10      EV: 16    Int: 16    God:
Gold:   341        SH:  0    Dex: 13    Spells: 9/9 levels left

rFire   . . .      SeeInvis .   S - +2 dagger (venom)
rCold   . . .      Faith    .   (no shield)
rNeg    . . .      Spirit   .   v - +4 ring mail of Cloud Cover {Will+ Str+10 Int+3 Dex-5}
rPois   +          Reflect  .   l - +2 hat
rElec   .          Harm     .   (no cloak)
rCorr   .          Rampage  .   (no gloves)
Will    +....                   (no boots)
Stlth   ++........              (no amulet)
HPRegen 0.20/turn               D - ring of poison resistance
MPRegen 0.12/turn               Q - +6 ring of strength

@: about to teleport
A: small, no large weapons, nightstalker 3
a: no special abilities


You were on level 9 of the Dungeon.
You visited 2 branches of the dungeon, and saw 10 of its levels.

You collected 341 gold pieces.

Inventory:

Hand Weapons
 a - a +1 hand crossbow
 k - a +1 whip of electrocution
 y - a +2 short sword of draining
 G - a +6 hand axe
 L - a +2 dagger of holy wrath
 S - a +2 dagger of venom (weapon)
 V - a +2 short sword of venom
Missiles
 c - 51 sling bullets
 d - 66 bolts
 h - 280 stones (quivered)
 q - 29 poisoned darts
 r - 172 arrows
 x - 7 boomerangs of dispersal
 z - 6 atropa-tipped darts
 B - a throwing net
 F - 2 curare-tipped darts
Armour
 l - a +2 hat (worn)
 v - the +4 ring mail of Cloud Cover (worn) {Will+ Str+10 Int+3 Dex-5}
   (You found it on level 4 of the Dungeon)

   Str:       It affects your strength (+10).
   Int:       It affects your intelligence (+3).
   Dex:       It affects your dexterity (-5).
   Will:      It increases your willpower.
 A - the +1 ring mail of the Furrier {+Inv rF+ Regen+ Str-3}
   (You took it off a kobold on level 9 of the Dungeon)

   Str:       It affects your strength (-3).
   rF:        It protects you from fire.
   +Inv:      It lets you turn invisible.
   Regen:     It increases your rate of health regeneration.
 T - +0 steam dragon scales
Jewellery
 D - a ring of poison resistance (left hand)
 E - a ring of fire
 H - a ring of ice
 O - a ring of willpower
 P - a ring of positive energy
 Q - a +6 ring of strength (right hand)
Wands
 K - a wand of paralysis (6)
Scrolls
 b - 2 scrolls of fog
 e - a scroll of holy word
 i - a scroll of enchant armour
 u - a scroll of magic mapping
 I - a scroll of enchant weapon
 M - a scroll of amnesia
 R - a scroll of fear {unknown}
 U - a scroll of identify
 W - a scroll of torment {unknown}
Potions
 f - a potion of cancellation
 g - a potion of brilliance
 j - a potion of magic
 m - a potion of might
 n - a potion of flight
 o - 2 potions of berserk rage
 p - a potion of attraction
 t - a potion of heal wounds
 w - a potion of ambrosia
 C - a potion of haste
 J - a potion of mutation {unknown}
 N - 2 potions of degeneration {unknown}


   Skills:
 - Level 6.1 Fighting
 + Level 15.8 Crossbows
 - Level 6.2 Dodging
 - Level 1.3 Stealth


You had 9 spell levels left.
You didn't know any spells.
Your spell library was empty.

Dungeon Overview and Level Annotations

Branches:
Dungeon (9/15)             Temple (1/1) D:7            Lair (0/6) D:9
    Orc (0/2) D:9

Altars:
Ashenzari
Cheibriados
Dithmenos
Elyvilon
Fedhas
Gozag
Hepliaklqana
Kikubaaqudgha
Makhleb
Nemelex Xobeh
Qazlal
Ru
Sif Muna
Trog
Uskayaw
Vehumet
Wu Jian
Xom
Yredelemnul
Zin
The Shining One

Shops:
D:4 [:[   D:8 [

Annotations:
D:2 Sigmund
D:3 1 runed translucent door, Crazy Yiuf
D:7 Harold


Innate Abilities, Weirdness & Mutations

You are small and have problems with some larger weapons.
You are completely attuned to the shadows.


Message History

The troll completely misses you.
The manticore flicks its tail.
The volley of spikes misses you.
Okay, then.
It was a potion of attraction.
You feel attractive to monsters.
The orc warrior hits you with a +0 scimitar!
* * * LOW HITPOINT WARNING * * *
The troll misses you. x2; The troll barely misses you.
The manticore is attracted toward you.
You feel much better.
Your surroundings suddenly seem different.
A white ugly thing and a red ugly thing come into view.
Found a fine bronze ring.
The white ugly thing gurgles horribly!
The red ugly thing gurgles horribly!
The red ugly thing basks in the mutagenic energy from its kin and changes!
The white ugly thing is attracted toward you. x2
As you read the scroll of teleportation, it crumbles to dust.
You feel strangely unstable.
The white ugly thing basks in the mutagenic energy from its kin and changes!
The white ugly thing is attracted toward you.
The barbs in your skin will harm you if you move.
Continue?
Okay, then.
The white ugly thing basks in the mutagenic energy from its kin and changes!
The white ugly thing is attracted toward you.
Your surroundings suddenly seem different.
You carefully extract the barbed spikes from your body.
A boulder beetle comes into view.
The boulder beetle is attracted toward you.
The boulder beetle is attracted toward you.
The boulder beetle is attracted toward you.
The boulder beetle is attracted toward you.
The boulder beetle is attracted toward you.
You hit the boulder beetle but do no damage.
The boulder beetle is poisoned.
The boulder beetle bites you!!
* * * LOW HITPOINT WARNING * * *
You feel less attractive to monsters.
As you read the scroll of teleportation, it crumbles to dust.
You feel strangely unstable. The boulder beetle bites you!
You die...

#..............#####.........#
...#######§#####...#####.##..#
##'#..##...'....._.....'.##..#
......##...#####...#####.....#
......##.......#####.........#
......##...§.§.......#.......#
#########..####..##..#.......#
...############.B##..#.......#
#..#...# .....@....#.......#
#..#...# ..........#.......#
#..#..)# ...........#.......#
#..#...# ............#.......#
#..##'###'############..##...#
.............................#
....###............#.........#
...........##......#...#####.#
...........##......#...# #.#


You could see a boulder beetle (very poisoned).

Vanquished Creatures
  5 yaks
  A spriggan (D:7)
  A wyvern (D:9)
  A basilisk (D:9)
  2 steam dragons (D:9)
  Menkaure (D:5)
  2 orc warriors
  A necrophage (D:6)
  4 ice beasts
  2 ogres
  A black bear (D:7)
  2 centaurs
  4 bullfrogs
  4 kobold brigands
  9 wights
  5 howler monkeys
  2 hounds
  3 iron imps (D:8)
  2 orc priests
  A centaur zombie (D:8)
  3 iguanas
  A gnoll shaman (D:6)
  5 orc wizards
  7 gnolls
  7 adders
  A shadow imp (D:5)
  An ufetubus (D:5)
  An adder zombie (D:5)
  2 worms
  A dart slug (D:2)
  28 orcs
  5 endoplasms
  A giant cockroach (D:3)
  3 goblins
  6 hobgoblins
  2 jackals (D:4)
  29 kobolds
  4 quokkas
  3 ball pythons
  4 bats
  A frilled lizard (D:3)
  3 rats
171 creatures vanquished.

Vanquished Creatures (others)
  2 fungi (D:9)
  2 plants (D:9)
4 creatures vanquished.

Grand Total: 175 creatures vanquished

Notes
Turn   | Place    | Note
-------+----------+-------------------------------------------
     0 | D:1      | Host24 the Kobold Hunter began the quest for the Orb.
     0 | D:1      | Reached XP level 1. HP: 12/12 MP: 1/1
   269 | D:1      | Reached skill level 5 in Crossbows
   321 | D:1      | Reached XP level 2. HP: 10/18 MP: 2/2
   823 | D:1      | Found a faded altar of an unknown god.
  1195 | D:2      | Reached XP level 3. HP: 23/23 MP: 3/3
  1506 | D:2      | Found a radiant altar of Vehumet.
  1578 | D:2      | Reached XP level 4. HP: 26/28 MP: 4/4
  1618 | D:2      | Reached skill level 6 in Crossbows
  2039 | D:2      | Noticed Sigmund
  2139 | D:3      | Reached XP level 5. HP: 30/32 MP: 5/5
  2803 | D:3      | Found a white marble altar of Elyvilon.
  2952 | D:3      | Found a runed translucent door.
  2955 | D:3      | Noticed Crazy Yiuf
  3002 | D:4      | Found Iwnus's Antique Armour Shop.
  3298 | D:4      | Found Inot's Armour Shoppe.
  3316 | D:4      | Found Biptiuth's Book Emporium.
  3317 | D:4      | Identified the +4 ring mail of Cloud Cover {Will+ Str+10
                  | Int+3 Dex-5}
  3517 | D:4      | Reached skill level 7 in Crossbows
  3934 | D:4      | Found a glowing golden altar of the Shining One.
  4079 | D:5      | Entered Level 5 of the Dungeon
  4102 | D:5      | Reached XP level 6. HP: 37/37 MP: 6/6
  4313 | D:5      | Noticed Menkaure
  4321 | D:5      | Killed Menkaure
  4322 | D:5      | Reached skill level 8 in Crossbows
  4500 | D:5      | Noticed an ice beast
  4531 | D:5      | Found a bloodstained altar of Trog.
  4665 | D:5      | Noticed an orc warrior
  5076 | D:5      | Reached XP level 7. HP: 29/41 MP: 7/7
  5190 | D:6      | Reached skill level 9 in Crossbows
  5314 | D:6      | Noticed a gargoyle
  5466 | D:6      | Reached skill level 10 in Crossbows
  5508 | D:6      | Identified the +4 robe of Salvation {Harm}
  5572 | D:6      | Reached XP level 8. HP: 39/48 MP: 8/8
  5584 | D:6      | Reached skill level 5 in Fighting
  6598 | D:7      | Reached skill level 5 in Dodging
  6600 | D:7      | Noticed Harold
  7199 | D:7      | Reached XP level 9. HP: 46/55 MP: 9/9
  7284 | D:7      | Reached skill level 11 in Crossbows
  8188 | D:7      | Found a staircase to the Ecumenical Temple.
  8293 | Temple   | Entered the Ecumenical Temple
  8580 | D:8      | Reached skill level 12 in Crossbows
  9231 | D:8      | Reached skill level 13 in Crossbows
  9386 | D:8      | Found a burning altar of Makhleb.
  9614 | D:8      | Reached XP level 10. HP: 59/60 MP: 10/10
  9887 | D:8      | Found a stormy altar of Qazlal.
 10009 | D:8      | Found Fiajocs's Armour Boutique.
 10145 | D:8      | Found a broken altar of Ashenzari.
 10147 | D:8      | Found a snail-covered altar of Cheibriados.
 10148 | D:8      | Found an ornate altar of the Wu Jian Council.
 10148 | D:8      | Found a shadowy altar of Dithmenos.
 10186 | D:8      | Reached skill level 14 in Crossbows
 10942 | D:9      | Reached skill level 15 in Crossbows
 11088 | D:9      | Found a hide-covered altar of Uskayaw.
 11190 | D:9      | Found a staircase to the Orcish Mines.
 11281 | D:9      | Identified the +1 ring mail of the Furrier {+Inv rF+ Regen+
                  | Str-3}
 11359 | D:9      | Noticed a white ugly thing
 11451 | D:9      | Found a staircase to the Lair.
 11867 | D:9      | Noticed a manticore
 11868 | D:9      | Identified the amulet "Cibruegyqu" {Regen+ Int+2}
 11868 | D:9      | Noticed a centaur warrior
 11872 | D:9      | Noticed a white ugly thing
 11872 | D:9      | Noticed a red ugly thing
 11887 | D:9      | Noticed a boulder beetle
 11895 | D:9      | Mangled by a boulder beetle

Illustrated notes

Levels and vault maps discovered:
D:1:      dpeg_arrival_shrine, layout_basic, ebering_ecumenical_altar_box
D:2:      layout_rooms, basic_altar, uniq_sigmund
D:3:      layout_basic, old_standard_altar, uniq_crazy_yiuf_cottage
D:4:      layout_loops_ring, nicolae_tso_carved_into_rock, serial_shops,
          nicolae_lakefront_shop, shop, nicolae_shop_window_shopping
D:5:      layout_basic, mainiacjoe_overflow_boulevard, uniq_menkaure
D:6:      layout_basic
D:7:      layout_gridville, temple_hall, serial_glass, glass_columns_b,
          glass_columns_c, glass_columns_a, glass_columns_b, glass_columns_b,
          glass_columns_b, the_hattery, uniq_harold
D:8:      layout_basic, nicolae_qazlal_general_emergency, minitemple,
          demons_altar, serial_shops, shop, kennysheep_generic_room_6
D:9:      minmay_the_grid_triangle_9x9_recursive_2_mashed
          [minmay_the_grid_triangle_9x9_prize_special,
          minmay_the_grid_triangle_9x9_descending_squares,
          minmay_the_grid_triangle_9x9_stretched_checkered,
          minmay_the_grid_triangle_9x9_corrupted_corridor], layout_stronghold,
          mainiacjoe_overflow_surrounded_room, david_lair_generic
Temple:   jpeg_temple_clearing

Skill      XL: |  1  2  3  4  5  6  7  8  9 10 |
---------------+-------------------------------+-----
Crossbows      | 5 6 7 8 10 13 15 | 15.8
Fighting       | 3 4 6 |  6.1
Dodging        | 3 6 |  6.2
Stealth        | |  1.3

Action                   |  1- 3 |  4- 6 |  7- 9 | 10-12 || total
-------------------------+-------+-------+-------+-------++-------
Melee: Short sword       |    34 |       |       |     1 ||    35
       Whip              |    38 |   127 |   160 |    77 ||   402
       Hand axe          |       |       |     9 |       ||     9
       Punch             |       |       |     4 |     3 ||     7
       Dagger            |       |       |       |    17 ||    17
 Fire: Hand crossbow     |     9 |    26 |   153 |    63 ||   251
  Use: Scroll            |       |       |    12 |     5 ||    17
       Potion            |       |       |     3 |     3 ||     6
 Stab: Sleeping          |    14 |     8 |     1 |     1 ||    24
       Distracted        |       |     1 |       |       ||     1
Armor: Leather armour    |    11 |    10 |       |       ||    21
       Ring mail         |       |    29 |    96 |    35 ||   160
Dodge: Dodged            |    46 |    98 |   197 |   100 ||   441
